 Dungeon Crawl Stone Soup version 0.25.0-9-g26727b657a (webtiles) character file.

Game seed: 4166303500946949449

88 Esekla the Cutter (level 4, 0/29 HPs)
             Began as a Kobold Abyssal Knight on June 18, 2020.
             Was a Believer of Lugonu.
             Slain by an adder (4 damage)
             ... on level 4 of the Dungeon on June 19, 2020.
             The game lasted 00:09:29 (1986 turns).

Esekla the Cutter (Kobold Abyssal Knight)           Turns: 1986, Time: 00:09:29

Health: 0/29       AC:  3    Str:  9    XL:     4   Next: 82%
Magic:  5/5        EV: 15    Int: 14    God:    Lugonu [**....]
Gold:   122        SH:  0    Dex: 14    Spells: 3/3 levels left

rFire    . . .     SeeInvis .   o - +2 short sword (freeze)
rCold    . . .     Gourm    .   (shield restricted)
rNeg     . . .     Faith    .   b - +0 leather armour
rPois    .         Spirit   .   (no helmet)
rElec    .         Reflect  .   (no cloak)
rCorr    .         Harm     .   (no gloves)
MR       .....                  (no boots)
Stlth    ++........             (no amulet)
HPRegen  0.09/turn              (no ring)
MPRegen  0.09/turn              (no ring)

@: no status effects
A: small, carnivore
a: Depart the Abyss, Bend Space, Renounce Religion


You were on level 4 of the Dungeon.
You worshipped Lugonu.
Lugonu was pleased with you.
You were not hungry.

You visited 1 branch of the dungeon, and saw 4 of its levels.
You visited the Abyss 1 time.

You collected 122 gold pieces.

Inventory:

Hand Weapons
 a - a +1 short sword
 o - a +2 short sword of freezing (weapon)
Armour
 b - a +0 leather armour (worn)
Wands
 g - a wand of paralysis (3)
Scrolls
 d - a scroll of amnesia {unknown}
 e - 2 scrolls of enchant weapon {unknown}
 f - 2 scrolls of teleportation {unknown}
 h - a scroll of fog {unknown}
 k - 2 scrolls of identify {unknown}
 n - a scroll of remove curse {unknown}
Potions
 i - a potion of berserk rage {unknown}
 j - a potion of degeneration {unknown}
 l - a potion of ambrosia {unknown}
 m - a potion of heal wounds {unknown}
Comestibles
 c - 3 rations


   Skills:
 + Level 3.9 Fighting
 + Level 4.3 Short Blades
 - Level 0.7 Armour
 + Level 3.5 Dodging
 + Level 1.5 Stealth
 + Level 2.0 Invocations
 + Level 0.1 Evocations


You had 3 spell levels left.
You didn't know any spells.
Your spell library was empty.

Dungeon Overview and Level Annotations

Branches:
Dungeon (5/15)
 Temple: D:4-7

Altars:

Shops:
D:4 !


Innate Abilities, Weirdness & Mutations

You are small and have problems with some larger weapons.
You are carnivorous and can eat meat at any time.


Message History

There is a shaft here.
The leopard gecko falls through a shaft!
The shaft crumbles and collapses.
The adder closely misses you. The adder bites you.
* * * LOW HITPOINT WARNING * * *
You see here a glowing short sword.
o - a glowing short sword The adder bites you.
* * * LOW HITPOINT WARNING * * *
Okay, then.
Your +2 short sword of freezing glows with a cold blue light!
o - a +2 short sword of freezing (weapon)
The adder misses you.
You closely miss the adder. The orc barely misses you.
The adder closely misses you.
You hit the adder. You freeze the adder.
The adder is moderately wounded.
The adder bites you.
You die...

## ##.........#
##..
...##..o........
##.
#........!......
..
#..............#
...............#
.............∩..
.......o.......#
......oS......##
.......@.....##
..#.........##
#........##
..........##
.........##
#.......##
##..#..## #..###


You could see an orc wizard, an adder and 2 orcs.

Vanquished Creatures
  An iguana (D:4)
  2 adders
  An ooze (D:1)
  A worm (D:2)
  2 leopard geckos
  A ball python (D:2)
  4 goblins
  5 hobgoblins
  7 kobolds
  5 bats
  4 frilled lizards
  6 rats
39 creatures vanquished.

Notes
Turn   | Place    | Note
-------+----------+-------------------------------------------
     0 | Abyss:1  | Esekla the Kobold Abyssal Knight began the quest for the
                  | Orb.
     0 | Abyss:1  | Reached XP level 1. HP: 14/14 MP: 2/2
    46 | Abyss:2  | Noticed a small abomination
    48 | Abyss:2  | Noticed an ancient zyme
    59 | Abyss:2  | Noticed a small abomination
    60 | D:1      | Escaped the Abyss
   272 | D:1      | Reached XP level 2. HP: 19/19 MP: 3/3
   522 | D:1      | Reached ** piety under Lugonu
   541 | D:1      | Reached skill level 3 in Short Blades
   690 | D:1      | Reached XP level 3. HP: 19/24 MP: 4/4
   815 | D:1      | Reached skill level 1 in Stealth
  1377 | D:2      | Reached XP level 4. HP: 13/29 MP: 5/5
  1519 | D:2      | You fall into a shaft and drop 2 floors!
  1530 | D:4      | Reached skill level 4 in Short Blades
  1837 | D:5      | Entered Level 5 of the Dungeon
  1972 | D:4      | Found Teosch's Distillery.
  1986 | D:4      | Slain by an adder

Illustrated notes

Levels and vault maps discovered:
D:1:      erik_arrival_blinker_ship, layout_basic, st_stairs_14,
          chequers_serial_rivers_large_a
D:2:      layout_rooms, lemuel_doored_altar,
          chequers_temple_overflow_minitemple, uniq_terence
D:4:      minmay_inner_zag, layout_cave_pods, kennysheep_little_box,
          minmay_temple_entry_slanted, serial_shops, shop,
          hangedman_decor_opposing, kennysheep_generic_room_13
D:5:      layout_basic, nicolae_ossuary_entry_catacombs, first_ration

Skill      XL: |  1  2  3  4 |
---------------+-------------+-----
Dodging        | 3 |  3.5
Short Blades   | 3 4 |  4.3
Stealth        | 1 |  1.5
Fighting       | |  3.9
Armour         | |  0.7
Invocations    | |  2.0
Evocations     | |  0.1

Action                   |  1- 3 |  4- 6 || total
-------------------------+-------+-------++-------
Melee: Short sword       |   120 |    93 ||   213
Evoke: Wand              |       |     4 ||     4
 Stab: Sleeping          |     5 |       ||     5
       Paralysed         |       |     2 ||     2
  Eat: Chunk             |     5 |     2 ||     7
Armor: Leather armour    |    28 |    11 ||    39
Dodge: Dodged            |    81 |    54 ||   135
